 Dungeon Crawl Stone Soup version 0.31-a0-636-ge1c0e020e0 (webtiles) character file.

Game seed: 1627734514347208893

542 rvierbuc the Cutter (level 7, -1/52 HPs)
             Began as a Demonspawn Gladiator on Aug 26, 2023.
             Was a Follower of Makhleb.
             Slain by a water moccasin (7 damage)
             ... on level 8 of the Dungeon.
             The game lasted 00:16:52 (4035 turns).

rvierbuc the Cutter (Demonspawn Gladiator)          Turns: 4035, Time: 00:16:53

Health: -1/52      AC:  5    Str: 14      XL:     7   Next: 6%
Magic:  8/8        EV: 13    Int: 10      God:    Makhleb [*.....]
Gold:   212        SH:  0    Dex: 15 (16) Spells: 4/7 levels left

rFire   . . .        F - +1 dagger (vamp)
rCold   . . .        f - orb {guile}
rNeg    . . .        b - +0 leather armour
rPois   .            c - +0 helmet
rElec   .            y - scarf {repulsion}
rCorr   .            (no gloves)
SInv    .            (no boots)
Will    .....        C - amulet of regeneration
Stlth   +            (no ring)
HPRegen 1.08/turn    (no ring)
MPRegen 0.11/turn

%: repel missiles
@: lethally poisoned (-1 -> -9)
A: claws 1, sharp scales 1, demonic magic 2
a: Renounce Religion


You were on level 8 of the Dungeon.
You worshipped Makhleb.
Makhleb was aware of your devotion.
You visited 1 branch of the dungeon, and saw 6 of its levels.

You collected 212 gold pieces.

Inventory:

Hand Weapons
 a - a +0 rapier
 F - a +1 vampiric dagger (weapon)
Missiles
 d - 3 throwing nets
 e - a javelin
Armour
 b - a +0 leather armour (worn)
 c - a +0 helmet (worn)
 f - an orb of guile (worn)
 p - a +0 chain mail
 y - a scarf of repulsion (worn)
Jewellery
 C - an amulet of regeneration (around neck)
 D - a ring of resist corrosion
Talismans
 u - a flux talisman
Wands
 x - a wand of flame (16) (quivered)
 B - a wand of charming (13)
Scrolls
 g - 2 scrolls of vulnerability {unknown}
 i - a scroll of torment {unknown}
 j - a scroll of acquirement {unknown}
 k - 2 scrolls of silence {unknown}
 l - a scroll of fog {unknown}
 m - 2 scrolls of blinking {unknown}
 n - 6 scrolls of identify {unknown}
 o - a scroll of butterflies {unknown}
 q - 2 scrolls of revelation {unknown}
 r - 3 scrolls of enchant armour {unknown}
 w - a scroll of teleportation {unknown}
 z - a scroll of brand weapon {unknown}
Potions
 h - a potion of berserk rage {unknown}
 s - a potion of degeneration {unknown}
 t - a potion of heal wounds {unknown}
 v - a potion of resistance {unknown}
 A - 2 potions of haste
 E - a potion of cancellation {unknown}


   Skills:
 + Level 3.3 Fighting
 + Level 5.0 Short Blades
 + Level 1.8 Throwing
 + Level 2.5 Armour
 + Level 3.9 Dodging
 + Level 0.8 Stealth
 * Level 0.7 Spellcasting
 * Level 1.1 Earth Magic
 + Level 0.6 Evocations


You had 4 spell levels left.
You knew the following spells:

 Your Spells              Type           Power      Damage    Failure   Level
a - Stone Arrow           Conj/Erth      2%         3d7       71%         3

Your spell library contained the following spells:

 Spells                   Type           Power      Damage    Failure   Level
 Sting                    Tmut/Pois      0%         1d3       41%         1
 Poisonous Vapours        Pois/Air       0%         N/A       54%         2
 Animate Armour           Summ/Erth      2%         N/A       98%         4
 Olgreb's Toxic Radiance  Pois           0%         N/A       99%         4
 Lehudib's Crystal Spear  Conj/Erth      0%         10d2      100%        8


Dungeon Overview and Level Annotations

Branches:
Dungeon (5/15)             Temple (0/1) D:4

Altars:
Gozag
Makhleb
Xom

Annotations:
D:8 1 transporter


Innate Abilities, Weirdness & Mutations

You have sharp fingernails.
You are partially covered in razor-sharp scales. (AC +1, Slay +1)
Spells you cast may paralyse nearby enemies.


Message History

The water moccasin bites you. x2
You are more poisoned.
The water moccasin poisons you!
You hit the water moccasin.
The water moccasin is heavily wounded.
You feel very sick. The water moccasin barely misses you.
You barely miss the water moccasin.
The water moccasin is heavily wounded.
You feel very sick. The water moccasin bites you.
You hit the water moccasin but do no damage.
The water moccasin is heavily wounded.
You feel very sick. The water moccasin closely misses you.
You hit the water moccasin.
The water moccasin is heavily wounded.
You feel very sick. The water moccasin misses you.
You hit the water moccasin.
You feel better.
The water moccasin is heavily wounded.
You feel very sick. The water moccasin bites you.
You are more poisoned.
The water moccasin poisons you!
You hit the water moccasin.
You feel better.
The water moccasin is heavily wounded.
You feel very sick. The water moccasin bites you.
* * * LOW HITPOINT WARNING * * *
Okay, then.
Aiming: Throw Flame
Press: ? - help, Shift-Dir - straight line, f - water moccasin
Aim: a water moccasin (heavily wounded, 48% to hit)
The puff of flame hits the water moccasin.
The water moccasin is severely wounded.
* * * LOW HITPOINT WARNING * * *
You feel very sick. The water moccasin bites you!
You die...

# #.........# #
..#.........#........ #
...#.........#........
#....+.........#........
#....#.........#........
.....#....##...#........
.....#....##...#........
.....#.....#...#.S......
.#####.....#...#@.......
.# #.....#..<'........
.# #....##+###........
.# #....# ....)....
.#####....# .........
..........+ ..........
©####.....# ..........
## #####.# ...........
.©#... #+##...


You could see a water moccasin.

Vanquished Creatures
  Eustachio (D:4)
  An ogre (D:4)
  A jelly (D:4)
  An iguana (D:4)
  2 orc wizards (D:4)
  7 gnolls
  2 adders
  2 worms (D:2)
  4 dart slugs
  10 orcs
  11 ball pythons
  5 bats
  7 endoplasms
  4 giant cockroaches
  6 hobgoblins
  6 jackals
  4 quokkas
  6 frilled lizards
  9 goblins
  6 kobolds (D:3)
  4 rats
99 creatures vanquished.

Vanquished Creatures (others)
  An endoplasm (D:4)
  A hobgoblin (D:4)
2 creatures vanquished.

Grand Total: 101 creatures vanquished

Notes
Turn   | Place    | Note
-------+----------+-------------------------------------------
     0 | D:1      | rvierbuc the Demonspawn Gladiator began the quest for the
                  | Orb.
     0 | D:1      | Reached XP level 1. HP: 16/16 MP: 1/1
   285 | D:1      | Found a faded altar of an unknown god.
   335 | D:1      | Gained mutation: You are partially covered in razor-sharp
                  | scales. (AC +1, Slay +1) [demonic ancestry]
   335 | D:1      | Reached XP level 2. HP: 22/22 MP: 2/2
   467 | D:1      | Reached skill level 3 in Short Blades
   757 | D:2      | Gained mutation: Spells you cast may paralyse adjacent
                  | enemies. [demonic ancestry]
   757 | D:2      | Reached XP level 3. HP: 17/27 MP: 3/3
  1467 | D:3      | Reached skill level 1 in Armour
  1467 | D:3      | Gained mutation: You have sharp fingernails. [demonic
                  | ancestry]
  1467 | D:3      | Reached XP level 4. HP: 10/34 MP: 4/4
  2227 | D:3      | Found a burning altar of Makhleb.
  2227 | D:3      | Noticed an Executioner
  2244 | D:3      | Noticed a neqoxec
  2244 | D:3      | Noticed a smoke demon
  2246 | D:3      | Became a worshipper of Makhleb the Destroyer
  2672 | D:4      | Noticed an ogre
  2679 | D:4      | Killed an ogre
  2680 | D:4      | Reached skill level 4 in Short Blades
  2680 | D:4      | Reached XP level 5. HP: 33/40 MP: 5/5
  2755 | D:4      | Gained mutation: Spells you cast may paralyse nearby
                  | enemies. [demonic ancestry]
  2755 | D:4      | Reached XP level 6. HP: 14/46 MP: 6/6
  2807 | D:4      | Found a shimmering altar of Xom.
  2808 | D:4      | Found a shimmering altar of Xom.
  2809 | D:4      | Found a shimmering altar of Xom.
  2961 | D:4      | Found a staircase to the Ecumenical Temple.
  3133 | D:4      | Found an opulent altar of Gozag.
  3264 | D:4      | Learned a level 3 spell: Stone Arrow
  3483 | D:5      | Entered Level 5 of the Dungeon
  3491 | D:5      | Noticed Eustachio
  3655 | D:4      | Reached * piety under Makhleb
  3736 | D:4      | Killed Eustachio
  3737 | D:4      | Reached skill level 5 in Short Blades
  3737 | D:4      | Reached skill level 1 in Earth Magic
  3737 | D:4      | Reached XP level 7. HP: 38/52 MP: 6/8
  3826 | D:5      | You fall into a shaft and drop 3 floors!
  3997 | D:8      | Found a transporter.
  4035 | D:8      | Slain by a water moccasin

Illustrated notes

Levels and vault maps discovered:
D:1:      wheals_arrival_shading, layout_loops_ring,
          hellmonk_ecumenical_altar_lost_god, minmay_vboxes
D:2:      layout_rooms, minmay_cupped
D:3:      layout_basic, makhleb_altar_promises_db, minmay_quadrilaterals
D:4:      layout_basic, xom_redecorated, mainiacjoe_overflow_cross_hatched,
          lemuel_temple_firewalk_a
D:5:      layout_layer_cave, serial_undead, serial_undead_e, serial_undead_c,
          serial_undead_e, serial_undead_f, uniq_eustachio
D:8:      layout_gridville, gammafunk_ghost_stat_death, palyth_stone_intersect

Skill      XL: |  1  2  3  4  5  6 |
---------------+-------------------+-----
Dodging        | 3 |  3.9
Short Blades   | 3 4 5 |  5.0
Armour         | 1 2 |  2.5
Fighting       | 3 |  3.3
Earth Magic    | 1 |  1.1
Throwing       | |  1.8
Stealth        | |  0.8
Spellcasting   | |  0.7
Evocations     | |  0.6

Action                     |  1- 3 |  4- 6 |  7- 9 || total
---------------------------+-------+-------+-------++-------
  Melee: Rapier            |   130 |   224 |    33 ||   387
         Punch             |     1 |       |       ||     1
         Dagger            |       |       |    17 ||    17
  Evoke: Wand              |       |     5 |     1 ||     6
    Use: Potion            |     1 |     2 |       ||     3
   Stab: Sleeping          |     1 |     2 |       ||     3
         Invisible         |       |     1 |       ||     1
 Armour: Leather armour    |    52 |    82 |     5 ||   139
  Dodge: Dodged            |   103 |   180 |    23 ||   306
         Repelled          |       |     3 |       ||     3

Table legend: (Time is in decaauts)
 A = Elapsed time spent in this place.
 B = Non-inter-level travel time spent in this place.
 C = Inter-level travel time spent in this place.
 D = Time resting spent in this place.
 E = Time spent auto-exploring this place.
 F = Levels seen in this place.
 G = Mean time per level.
                   A        B        C        D        E       F      G
               +--------+--------+--------+--------+--------+-----+--------+
         Total |   4019 |   3932 |     87 |    174 |   2814 |   6 |  669.8 |
       Dungeon |   4019 |   3932 |     87 |    174 |   2814 |   6 |  669.8 |
               +--------+--------+--------+--------+--------+-----+--------+

Top non-repeatable levels by time:
     D:3: 1257 daAuts
     D:4: 1073 daAuts
     D:1: 744 daAuts
     D:2: 618 daAuts
     D:8: 202 daAuts
     D:5: 123 daAuts
